AoeStats
← 神圣罗马帝国 | Holy Roman

Arabia

510676991Analyzed
4v4 RM · 1d ago on Oct 2, 2026· 39m 54s· 8 players
Game mode
Random Map
Map size
Large (8 player)
Population
200
Speed
Normal
Resources
Standard
Victory
Conquest
Starting age
Dark Age
Ending age
Imperial Age
RankedLock teamsTeams togetherTeam positionsShared explorationLock speedFull tech treeHidden civsTurbo modeCheats
Victory
Defeat
🇨🇦 Franks · Canada
1338
+14
🇧🇷 Britons · Brazil
1288
+16
🇵🇪 Persians · Peru
1252
+18
🇵🇪 Cumans · Peru
1230
+18
1343
-19
🇳🇿 Vietnamese · New Zealand
1282
-16
🇨🇳 Ethiopians · China
1278
-16
🇮🇹 Goths · Italy
1263
-15
dionathanbh
5:46 Loom
9:36 Feudal Age
10:48 Double-Bit Axe
22:20 Castle Age
20:59 Gold Mining
21:15 Horse Collar
22:40 Crossbowman
23:22 Fletching
23:33 Padded Archer Armor
26:25 Bow Saw
27:24 Ballistics
27:07 Bodkin Arrow
CSA_HW_Mercer
6:31 Loom
9:31 Feudal Age
16:46 Scale Barding Armor
18:01 Forging
22:28 Castle Age
20:43 Gold Mining
23:46 Chain Barding Armor
23:17 Double-Bit Axe
23:12 Light Cavalry
34:05 Husbandry
34:43 Stone Mining
36:23 Iron Casting
38:23 Husbandry
39:40 Wheelbarrow
40:15 Bow Saw
Peru_Rush
8:44 Feudal Age
9:00 Loom
9:52 Double-Bit Axe
22:35 Castle Age
22:30 Wheelbarrow
22:40 Gold Mining
22:57 Scale Barding Armor
23:03 Forging
23:09 Bloodlines
24:00 Chain Barding Armor
24:00 Bow Saw
23:32 Horse Collar
26:29 Forging
28:44 Iron Casting
29:28 Stone Mining
31:34 Hand Cart
35:27 Imperial Age
33:38 Gold Shaft Mining
33:10 Steppe Husbandry
35:37 Elite Steppe Lancer
37:41 Plate Barding Armor
38:08 Blast Furnace
39:07 Conscription
Peru_o_O
7:41 Loom
9:45 Feudal Age
11:39 Double-Bit Axe
13:58 Wheelbarrow
18:14 Bloodlines
20:29 Castle Age
18:45 Scale Barding Armor
19:56 Horse Collar
22:01 Gold Mining
22:32 Bow Saw
22:54 Chain Barding Armor
24:02 Forging
28:13 Hand Cart
29:49 Husbandry
31:18 Heavy Plow
38:08 Imperial Age
37:14 Gold Shaft Mining
39:02 Plate Barding Armor
37:51 Cavalier
39:03 Town Watch
40:15 Iron Casting
39:44 Savar
Soup
9:39 Feudal Age
9:29 Loom
12:14 Double-Bit Axe
12:11 Horse Collar
22:01 Castle Age
20:41 Wheelbarrow
21:59 Fletching
22:10 Padded Archer Armor
22:21 Crossbowman
23:01 Bodkin Arrow
23:10 Heavy Plow
23:23 Bow Saw
26:15 Squires
26:24 Thumb Ring
28:11 Leather Archer Armor
29:32 Town Watch
30:08 Hand Cart
40:58 Imperial Age
MLT | Bombad Gastald
3:26 Loom
11:57 Feudal Age
16:41 Castle Age
18:56 Double-Bit Axe
19:18 Horse Collar
25:05 Pikeman
26:53 Scale Mail Armor
27:16 Squires
31:03 Chain Mail Armor
31:20 Bow Saw
37:38 Heavy Plow
神圣罗马帝国 | Holy Roman
5:32 Loom
9:48 Feudal Age
8:08 Loom
12:01 Double-Bit Axe
17:22 Wheelbarrow
18:30 Gold Mining
22:35 Castle Age
21:51 Scale Barding Armor
21:57 Forging
24:09 Gold Shaft Mining
24:23 Chain Barding Armor
25:33 Bow Saw
26:41 Iron Casting
27:05 Husbandry
28:34 Hand Cart
37:05 Stone Mining
Ace0830
9:38 Loom
11:39 Feudal Age
12:30 Double-Bit Axe
17:13 Padded Archer Armor
18:30 Wheelbarrow
18:12 Horse Collar
20:20 Forging
25:07 Castle Age
23:53 Gold Mining
25:39 Fletching
25:12 Crossbowman
26:21 Bodkin Arrow
26:36 Thumb Ring
28:20 Leather Archer Armor
30:32 Ballistics
30:21 Squires
31:35 Elite Skirmisher
34:11 Scale Mail Armor
37:33 Bow Saw
37:49 Chain Mail Armor
38:11 Iron Casting
38:18 Chain Mail Armor
Connection lost

Rejoining the realm…

Still unreachable

The connection could not be restored.

Session expired

The server has moved on; the page needs a fresh start.